 Dungeon Sprint DCSS version 0.30-a0-219-gf2db51d15e (webtiles) character file.

Game seed: 4630349705577023196

1012 rocky1 the Carver (level 8, 0/68 HPs)
             Began as a Demonspawn Gladiator on Oct 8, 2022.
             Was a High Priest of Qazlal.
             Slain by a phantasmal warrior (27 damage)
             ... in the Dungeon (Sprint VII: "The Pits").
             The game lasted 00:04:29 (1625 turns).

rocky1 the Carver (Demonspawn Gladiator)            Turns: 1625, Time: 00:04:29

Health: 0/68       AC: 18    Str: 15    XL:     8   Next: 1%
Magic:  15/15      EV: 10    Int: 16    God:    Qazlal [*****.]
Gold:   2          SH:  7    Dex: 17    Spells: 7/7 levels left

rFire   . . .      SeeInvis .    z - +2 scimitar of Baiguq {flame, Int+4}
rCold   . . .      Faith    .    (no shield)
rNeg    . . .      Spirit   .    y - +4 scale mail
rPois   .          Reflect  .    c - +0 helmet
rElec   .          Harm     .    r - +0 cloak
rCorr   .          Rampage  .    x - +0 pair of gloves
Will    .....      NoTele   +    (no boots)
Stlth   ..........               (no amulet)
HPRegen 0.31/turn                s - +3 ring of intelligence
MPRegen 0.28/turn                v - +3 ring of protection

@: repel missiles
A: claws 2, molten scales 1, spiny 1, magic regeneration
a: Renounce Religion, Upheaval, Elemental Force, Disaster Area


You were in the Dungeon.
You worshipped Qazlal.
Qazlal was extremely pleased with you.
You visited 1 branch You collected 2 gold pieces.

Inventory:

Hand Weapons
 z - the +2 scimitar of Baiguq (weapon) {flame, Int+4}
   (You found it in the Dungeon)

   It burns those it strikes, dealing additional fire damage.
   Big, fiery blades are also staple armaments of hydra-hunters.
   Int:       It affects your intelligence (+4).
Missiles
 d - a throwing net (quivered)
 e - a javelin
Armour
 c - a +0 helmet (worn)
 r - a +0 cloak (worn)
 x - a +0 pair of gloves (worn)
 y - a +4 scale mail (worn)
Jewellery
 s - a +3 ring of intelligence (left hand)
 v - a +3 ring of protection (right hand)
Wands
 p - a wand of flame (23)
Scrolls
 k - a scroll of blinking
 m - 5 scrolls of amnesia
 n - a scroll of summoning
Potions
 f - 6 potions of curing
 g - 9 potions of heal wounds
 h - a potion of haste
 i - 4 potions of magic
 j - 2 potions of berserk rage
 l - 2 potions of invisibility
 q - a potion of brilliance {unknown}
 t - 3 potions of might
 u - a potion of resistance
 w - 2 potions of mutation


   Skills:
 + Level 8.2 Fighting
 * Level 12.6 Long Blades
 - Level 1.7 Throwing
 - Level 2.6 Dodging
 + Level 10.4 Invocations


You had 7 spell levels left.
You didn't know any spells.
Your spell library was empty.

Dungeon Overview and Level Annotations

Branches:
Dungeon (1/1)

Altars:
Ashenzari
Cheibriados
Dithmenos
Fedhas
Gozag
Hepliaklqana
Kikubaaqudgha
Makhleb
Nemelex Xobeh
Okawaru
Qazlal
Ru
Sif Muna
Trog
Uskayaw
Vehumet
Wu Jian
Xom
Yredelemnul
Jiyva
Lugonu


Innate Abilities, Weirdness & Mutations

You have very sharp fingernails.
You are partially covered in molten scales. (AC +2)
You are partially covered in sharp spines.
You regenerate magic rapidly.


Message History

There is a huge open gate to the Metal Vault (Medium) here.
There is a huge open gate to the Metal Vault (Medium) here.
Unknown command.
A sky beast comes into view.
A phantasmal warrior comes into view.
The tarantella barely misses you.
You closely miss the tarantella. The tarantella touches you!
You are confused.
Unknown command.
Unknown command.
The tarantella is struck by your spines.
The tarantella touches you but does no damage.
The sky beast is struck by your spines.
The sky beast hits you but does no damage.
Unknown command.
You closely miss the phantasmal warrior.
The tarantella touches you but does no damage.
You bump into the metal wall.
The tarantella is struck by your spines.
The tarantella touches you!
The phantasmal warrior hits you but does no damage.
The sky beast is struck by your spines. The sky beast barely misses you.
The tarantella is struck by your spines.
The tarantella closely misses you.
You barely miss the phantasmal warrior. The phantasmal warrior hits you!!
The sky beast flickers out of sight!
Deactivating autopickup; reactivate with Ctrl-A.
Something hits you but does no damage. The tarantella barely misses you.
Unknown command.
You hit something. You burn something.
The tarantella is struck by your spines.
The tarantella touches you but does no damage.
Something hits you. Something shocks you.
* * * LOW HITPOINT WARNING * * *
The phantasmal warrior hits you but does no damage.
Unknown command.
You feel better. The tarantella barely misses you.
Something hits you but does no damage.
The phantasmal warrior is struck by lightning.
The phantasmal warrior hits you!!
You die...

))'.##......#..#......#
###.##................+
.....'................+
'#####......#..#......#
.#..##................#
.'..#####'#####''######
##'###.......##§'#
....##.......##..##
....##.......##.@s#
'#####...<...###{W.#
))..##.......# ##.○...
)...##.......# .###+#
######.......# ## ##..
#########
.#.###########
##.#....#....#
.#÷#)...#..[[#


You could see a phantasmal warrior and a tarantella.

Vanquished Creatures
  Maurice (D)
  A tarantella (D)
  A fire bat (D)
  Pargi (D)
  A wolf (D)
  A scorpion (D)
  A hound (D)
  2 orc wizards (D)
  An adder (D)
  2 ufetubi (D)
  A worm (D)
  8 orcs (D)
  A ball python (D)
  An endoplasm (D)
  A hobgoblin (D)
  3 jackals (D)
  A kobold (D)
  A quokka (D)
  A ball python zombie (D)
  A frilled lizard (D)
  A giant cockroach zombie (D)
32 creatures vanquished.

Notes
Turn   | Place    | Note
-------+----------+-------------------------------------------
     0 | D        | rocky1 the Demonspawn Gladiator began the quest for the
                  | Orb.
     0 | D        | Reached XP level 1. HP: 16/16 MP: 1/1
    11 | D        | Noticed a scorpion
    24 | D        | Killed a scorpion
    25 | D        | Reached skill level 7 in Long Blades
    25 | D        | Gained mutation: You regenerate magic rapidly. [demonic
                  | ancestry]
    25 | D        | Reached XP level 2. HP: 11/22 MP: 2/2
    25 | D        | Gained mutation: You have sharp fingernails. [demonic
                  | ancestry]
    25 | D        | Reached XP level 3. HP: 13/27 MP: 3/3
   285 | D        | Found a bloodstained altar of Trog.
   285 | D        | Found a shimmering blue altar of Sif Muna.
   285 | D        | Found a viscous altar of Jiyva.
   285 | D        | Found a hazy altar of Hepliaklqana.
   285 | D        | Found an opulent altar of Gozag.
   286 | D        | Found a basalt altar of Yredelemnul.
   286 | D        | Found a shimmering altar of Xom.
   286 | D        | Found an ornate altar of the Wu Jian Council.
   286 | D        | Found a sacrificial altar of Ru.
   286 | D        | Found a stormy altar of Qazlal.
   286 | D        | Found an iron altar of Okawaru.
   286 | D        | Found a sparkling altar of Nemelex Xobeh.
   286 | D        | Found a burning altar of Makhleb.
   286 | D        | Found a blossoming altar of Fedhas.
   286 | D        | Found a shadowy altar of Dithmenos.
   286 | D        | Found a snail-covered altar of Cheibriados.
   289 | D        | Found a corrupted altar of Lugonu.
   289 | D        | Found a radiant altar of Vehumet.
   290 | D        | Found an ancient bone altar of Kikubaaqudgha.
   290 | D        | Found a hide-covered altar of Uskayaw.
   290 | D        | Found a broken altar of Ashenzari.
   293 | D        | Became a worshipper of Qazlal Stormbringer
   440 | D        | Reached * piety under Qazlal
   468 | D        | Reached skill level 1 in Invocations
   487 | D        | Reached ** piety under Qazlal
   488 | D        | Gained mutation: You are partially covered in molten
                  | scales. (AC +2) [demonic ancestry]
   488 | D        | Reached XP level 4. HP: 24/33 MP: 3/5
   591 | D        | Noticed Pargi
   603 | D        | Killed Pargi
   604 | D        | Reached skill level 9 in Long Blades
   604 | D        | Reached skill level 5 in Invocations
   604 | D        | Gained mutation: You have very sharp fingernails. [demonic
                  | ancestry]
   604 | D        | Reached XP level 5. HP: 42/42 MP: 3/8
   605 | D        | Reached *** piety under Qazlal
   613 | D        | Noticed a fire bat
   639 | D        | Reached **** piety under Qazlal
   646 | D        | Reached skill level 5 in Fighting
   649 | D        | Reached ***** piety under Qazlal
   819 | D        | Killed a fire bat
   820 | D        | Reached skill level 10 in Long Blades
   820 | D        | Reached XP level 6. HP: 52/52 MP: 3/11
  1065 | D        | Reached skill level 11 in Long Blades
  1278 | D        | Noticed Maurice
  1278 | D        | Noticed a tarantella
  1280 | D        | Killed a tarantella
  1281 | D        | Reached XP level 7. HP: 60/60 MP: 6/14
  1282 | D        | Killed Maurice
  1283 | D        | Reached skill level 12 in Long Blades
  1283 | D        | Reached skill level 10 in Invocations
  1283 | D        | Gained mutation: You are partially covered in sharp spines.
                  | [demonic ancestry]
  1283 | D        | Reached XP level 8. HP: 68/68 MP: 1/15
  1553 | D        | Got the +2 scimitar of Baiguq {flame, Int+4}
  1616 | D        | Noticed a tarantella
  1618 | D        | Noticed a phantasmal warrior
  1625 | D        | Slain by a phantasmal warrior

Illustrated notes

Levels and vault maps discovered:
D:        pitsprint [storerooms_1, entrance_room_1, metal_vault_5, armoury_2,
          mini_pit_1, grid_room_1, main_hall_1, silver_pit, the_coven_3,
          the_vestibule_1, steel_vault_2, golden_pit, hallway_of_sentries,
          crystal_vault_5, iron_vault_4, final_vault]

Skill      XL: |  1  2  3  4  5  6  7 |
---------------+----------------------+-----
Long Blades    | 7 9 10 11 12 | 12.6
Invocations    | 1 5 7 9 10 | 10.4
Fighting       | 4 6 7 8 |  8.2
Throwing       | |  1.7
Dodging        | |  2.6

Action                   |  1- 3 |  4- 6 |  7- 9 || total
-------------------------+-------+-------+-------++-------
Melee: Long sword        |    30 |    79 |     3 ||   112
       Scimitar          |       |       |     4 ||     4
Throw: Throwing net      |     3 |       |       ||     3
       Javelin           |     1 |       |       ||     1
Invok: Upheaval          |       |     5 |     2 ||     7
  Use: Potion            |       |     2 |     1 ||     3
 Stab: Held in net/web   |     2 |       |       ||     2
Armor: Leather armour    |     5 |    25 |       ||    30
       Scale mail        |       |       |     8 ||     8
Dodge: Dodged            |    17 |    42 |     5 ||    64
Block: Other             |     1 |    19 |     1 ||    21

Table legend: (Time is in decaauts)
 A = Elapsed time spent in this place.
 B = Non-inter-level travel time spent in this place.
 C = Inter-level travel time spent in this place.
 D = Time resting spent in this place.
 E = Time spent auto-exploring this place.
 F = Levels seen in this place.
 G = Mean time per level.
                   A        B        C        D        E       F      G
               +--------+--------+--------+--------+--------+-----+--------+
         Total |   1621 |   1477 |    144 |   1057 |      0 |   1 | 1621.0 |
       Dungeon |   1621 |   1477 |    144 |   1057 |      0 |   1 | 1621.0 |
               +--------+--------+--------+--------+--------+-----+--------+

Top non-repeatable levels by time:
       D: 1621 daAuts
